AoeStats
← Jeki

Arabia

510275497Analyzed
1v1 RM · 1d ago on Sep 30, 2026· 49m 44s· 2 players
Game mode
Random Map
Map size
Tiny (2 player)
Population
200
Speed
Normal
Resources
Standard
Victory
Conquest
Starting age
Dark Age
Ending age
Imperial Age
RankedLock teamsTeams togetherTeam positionsShared explorationLock speedFull tech treeHidden civsTurbo modeCheats
Victory
Defeat
🇦🇹 Japanese · Austria
985
+13
🇨🇳 Chinese · China
930
-13
弼马温
0:50 Loom
9:16 Feudal Age
9:54 Double-Bit Axe
17:39 Horse Collar
24:01 Castle Age
24:47 Bloodlines
25:26 Husbandry
25:34 Scale Barding Armor
25:21 Fletching
25:42 Forging
25:41 Crossbowman
28:08 Bow Saw
31:44 Town Watch
32:35 Wheelbarrow
33:01 Chain Barding Armor
35:28 Heavy Plow
36:12 Iron Casting
35:45 Light Cavalry
36:19 Elite Skirmisher
37:02 Padded Archer Armor
38:34 Town Patrol
45:03 Imperial Age
43:48 Leather Archer Armor
43:29 Bodkin Arrow
43:38 Gold Mining
43:38 Stone Mining
44:39 Hand Cart
47:04 Ring Archer Armor
46:35 Bracer
46:36 Scale Mail Armor
47:18 Ballistics
Jeki
3:55 Loom
10:13 Feudal Age
10:34 Man-at-Arms
18:45 Double-Bit Axe
21:36 Castle Age
22:12 Fletching
22:24 Padded Archer Armor
22:36 Bloodlines
22:31 Husbandry
23:36 Forging
23:32 Bodkin Arrow
25:38 Thumb Ring
25:53 Horse Collar
32:26 Forging
32:17 Scale Mail Armor
33:17 Wheelbarrow
33:49 Heavy Plow
33:52 Town Watch
35:47 Hand Cart
40:29 Imperial Age
38:02 Town Patrol
38:12 Pikeman
38:52 Squires
41:35 Bracer
42:11 Iron Casting
41:51 Chain Mail Armor
42:54 Parthian Tactics
41:54 Heavy Cavalry Archer
47:14 Kataparuto
46:20 Elite Samurai
50:42 Ballistics
Connection lost

Rejoining the realm…

Still unreachable

The connection could not be restored.

Session expired

The server has moved on; the page needs a fresh start.